 Dungeon Crawl Stone Soup version 0.30-a0-305-g026cb31310 (webtiles) character file.

Game seed: 13919514161650562643

81 Lanoc the Chiller (level 4, -1/33 HPs)
             Began as a Draconian Ice Elementalist on Oct 22, 2022.
             Was a Follower of Kikubaaqudgha.
             Slain by an ogre
             ... wielding a +0 giant spiked club
              (25 damage)
             ... on level 4 of the Dungeon.
             The game lasted 00:04:14 (1479 turns).

Lanoc the Chiller (Draconian Ice Elementalist)      Turns: 1479, Time: 00:04:14

Health: -1/33      AC:  6    Str:  7 (10) XL:     4   Next: 20%
Magic:  5/7        EV: 12    Int: 15 (18) God:    Kikubaaqudgha [*.....]
Gold:   33         SH:  0    Dex:  9 (11) Spells: 2/7 levels left

rFire   . . .      SeeInvis .    b - staff of air
rCold   . . .      Faith    +    (no shield)
rNeg    . . .      Spirit   .    (body armour unavailable)
rPois   .          Reflect  .    (helmet restricted)
rElec   +          Harm     .    (no cloak)
rCorr   .          Rampage  .    h - +0 pair of gloves
Will    .....                    (no boots)
Stlth   ++........               l - amulet of faith
HPRegen 0.25/turn                (no ring)
MPRegen 0.10/turn                (no ring)

@: mighty, attractive
A: AC +5, unfitting armour, cold-blooded
a: Renounce Religion, Unearth Wretches


You were on level 4 of the Dungeon.
You worshipped Kikubaaqudgha.
Kikubaaqudgha was aware of your devotion.
You visited 1 branch of the dungeon, and saw 3 of its levels.

You collected 33 gold pieces.

Inventory:

Armour
 h - a +0 pair of gloves (worn)
Magical Staves
 b - a staff of air (weapon)
Jewellery
 l - an amulet of faith (around neck)
Potions
 a - a potion of magic
 c - 2 potions of curing
 j - a potion of attraction
 k - 2 potions of mutation


   Skills:
 + Level 2.7 Dodging
 - Level 1.7 Stealth
 - Level 2.0 Spellcasting
 * Level 2.3 Necromancy
 - Level 4.5 Ice Magic


You had 2 spell levels left.
You knew the following spells:

 Your Spells              Type           Power      Damage    Failure   Level
a - Freeze                Ice            60%        1d7       3%          1
b - Necrotise             Necr           32%        1d5       9%          1
c - Vampiric Draining     Necr           8%         2d6       26%         3

Your spell library contained the following spells:

 Spells                   Type           Power      Damage    Failure   Level
 Kiss of Death            Conj/Necr      20%        2d7       14%         1
 Cigotuvi's Dreadful Rot  Necr/Pois/Air  10%        N/A       24%         2
 Frozen Ramparts          Ice            30%        1d5       11%         3
 Ozocubu's Armour         Ice            15%        N/A       11%         3
 Confusing Touch          Hex            1%         N/A       54%         3
 Dispel Undead            Necr           8%         3d8       63%         4
 Summon Ice Beast         Ice/Summ       8%         N/A       65%         4


Dungeon Overview and Level Annotations

Branches:
Dungeon (2/15)             Temple (0/1) D:4

Altars:
Kikubaaqudgha

Annotations:
D:4 Dowan, Duvessa


Innate Abilities, Weirdness & Mutations

Your plain brown scales are hard. (AC +5)
You cannot fit into any form of body armour.
You are cold-blooded and may be slowed by cold attacks.


Message History

Kikubaaqudgha accepts your kill.
You feel yourself speed up.
Your surroundings suddenly seem different.
Dowan, a scorpion and a kobold come into view.
Found 8 gold pieces.
Found a staircase to the Ecumenical Temple and a stone staircase leading up.
The kobold shouts!
Dowan shouts!
You hear a shout!
The kobold barely misses you. Dowan casts a spell at you.
The puff of flame hits you.
Duvessa, Sister of Dowan comes into view.
She is wielding a +0 short sword.
An ogre comes into view. It is wielding a +0 giant spiked club.
Found a gold piece.
The kobold attacks as you move away! The kobold misses you.
The ogre hits you with a +0 giant spiked club!!
Ouch! That really hurt!
* * * LOW HITPOINT WARNING * * *
The ogre closely misses you.
A giant cockroach comes into view.
The giant cockroach moves out of view.
It was a potion of curing.
You feel better. The kobold barely misses you.
It was a potion of degeneration.
There was something very wrong with that liquid.
You feel weakened.
You feel dopey.
You feel clumsy. The kobold hits you with a +0 whip.
It was a potion of might.
You feel very mighty all of a sudden. The kobold barely misses you.
It was a potion of attraction.
You feel attractive to monsters. The kobold barely misses you.
You feel better. The kobold hits you but does no damage.
You aren't carrying any scrolls.
You hit the kobold!
You kill the kobold!
Kikubaaqudgha accepts your kill.
The ogre hits you with a +0 giant spiked club!!
Ouch! That really hurt!
You die...
Kikubaaqudgha rasps: "You have failed me!
Welcome... death!"

§~>§§§.....##....
§~~§~e.........#
~~§~§.##.#####..#
.§§~.....#
.........#
#######e.###
#se..# #O##..#
#@# #.... #.#
.... #.# .$. #.#
.. #.# #.# ...
...


You could see Duvessa, an ogre, Dowan and a scorpion.

Vanquished Creatures
  A hound (D:4)
  An iguana (D:4)
  2 ball pythons (D:1)
  3 endoplasms
  3 goblins
  2 hobgoblins (D:1)
  4 jackals (D:1)
  2 quokkas
  2 bats (D:1)
  2 frilled lizards
  2 kobolds
  4 rats (D:1)
28 creatures vanquished.

Notes
Turn   | Place    | Note
-------+----------+-------------------------------------------
     0 | D:1      | Lanoc the Draconian Ice Elementalist began the quest for
                  | the Orb.
     0 | D:1      | Reached XP level 1. HP: 14/14 MP: 3/3
   161 | D:1      | Reached XP level 2. HP: 12/20 MP: 0/5
   309 | D:1      | Found a faded altar of an unknown god.
   356 | D:1      | Prayed at the altar of an unknown god.
   356 | D:1      | Became a worshipper of Kikubaaqudgha
   356 | D:1      | Reached * piety under Kikubaaqudgha
   356 | D:1      | Received a gift from Kikubaaqudgha
   359 | D:1      | Learned a level 1 spell: Necrotise
  1217 | D:2      | You fall into a shaft and drop 2 floors!
  1250 | D:4      | Reached skill level 1 in Necromancy
  1250 | D:4      | Reached XP level 3. HP: 26/26 MP: 0/6
  1254 | D:4      | Learned a level 3 spell: Vampiric Draining
  1325 | D:4      | Reached XP level 4. HP: 4/33 MP: 0/7
  1446 | D:4      | Noticed a scorpion
  1461 | D:4      | Noticed an ogre
  1466 | D:4      | Found a staircase to the Ecumenical Temple.
  1466 | D:4      | Noticed Dowan
  1466 | D:4      | Noticed a scorpion
  1467 | D:4      | Noticed Duvessa
  1468 | D:4      | Noticed an ogre
  1479 | D:4      | Slain by an ogre

Illustrated notes

Levels and vault maps discovered:
D:1:      spicycebolla_arrival_clurvy, layout_loops_ring,
          chequers_ecumenical_altar_simple_redux, minmay_cut_off
D:2:      layout_rooms
D:4:      layout_rooms, mainiacjoe_overflow_alcove_4, minmay_temple_entry_mist,
          uniq_duvessa

Skill      XL: |  1  2  3 |
---------------+----------+-----
Dodging        | 2 |  2.7
Necromancy     | 1 2 |  2.3
Stealth        | |  1.7
Spellcasting   | |  2.0
Ice Magic      | |  4.5

Action                   |  1- 3 |  4- 6 || total
-------------------------+-------+-------++-------
Melee: Staff             |    33 |     1 ||    34
       Tailslap          |     1 |       ||     1
 Cast: Freeze            |    29 |     1 ||    30
       Necrotise         |    12 |     4 ||    16
  Use: Potion            |       |     5 ||     5
       Scroll            |       |     3 ||     3
 Stab: Sleeping          |     1 |       ||     1
Armor: Skin              |    14 |     1 ||    15
Dodge: Dodged            |    50 |     8 ||    58

Table legend: (Time is in decaauts)
 A = Elapsed time spent in this place.
 B = Non-inter-level travel time spent in this place.
 C = Inter-level travel time spent in this place.
 D = Time resting spent in this place.
 E = Time spent auto-exploring this place.
 F = Levels seen in this place.
 G = Mean time per level.
                   A        B        C        D        E       F      G
               +--------+--------+--------+--------+--------+-----+--------+
         Total |   1485 |   1455 |     30 |      0 |   1218 |   3 |  495.0 |
       Dungeon |   1485 |   1455 |     30 |      0 |   1218 |   3 |  495.0 |
               +--------+--------+--------+--------+--------+-----+--------+

Top non-repeatable levels by time:
     D:1: 973 daAuts
     D:4: 263 daAuts
     D:2: 248 daAuts
